Punishers vs Monarchs
Created - March 15, 2019 at 19:05
Goals
|
| Punishers |
1 |
0 |
1 |
0 |
2 |
| Monarchs |
1 |
0 |
1 |
1 |
3 |
|
Shots
|
| Punishers |
14 |
10 |
9 |
0 |
33 |
| Monarchs |
6 |
7 |
2 |
1 |
16 |
|
1st period
1. Monarchs , Eric Fehr 24 (Daultan Leveillé 37, Ilya Bryzgalov) at 8:14
2. Punishers , Mattias Tedenby 30 (Robbie Earl 35, Andreas Athanasiou 13) at 16:00 (PP)
Penalties :
Dylan DeMelo (Pro) for Holding (Minor) at 12:42, Matt Puempel (MAN) for Hooking (Minor) at 15:55
2nd period
No Goal
Penalties :
Daultan Leveillé (MAN) for Goalie Interference (Minor) at 0:15, Matt Puempel (MAN) for Holding (Minor) at 9:45
3rd period
3. Monarchs , Daultan Leveillé 28 (Max Domi 20) at 3:18 (PP)
4. Punishers , Carter Ashton 7 (Stefan Elliott 18, David Laliberté 37) at 12:31 (SH)
Penalties :
Josh Manson (MAN) for Hooking (Minor) at 1:18, Mattias Tedenby (Pro) for Tripping (Minor) at 1:51, Tom Wilson (MAN) for Holding (Minor) at 3:23, Adam Pelech (Pro) for Tripping (Minor) at 11:37
Overtime #1
5. Monarchs , Nick Bjugstad 31 (Nathan Paetsch 15) at 0:09
Penalties :
No Penalty
Goalie Stats
Kristers Gudlevskis (Pro), 13 saves from 16 shots - (0.813), OTL, 13-19-5, 60:09 minutes
Ilya Bryzgalov (MAN), 31 saves from 33 shots - (0.939), W, 4-3-0, 60:09 minutes
Players Stats for Punishers
Player Name G A P +/- PIM S H SB GA TA FO MP PP MP PK MP
------------------------------------------------------------------------------------
Adam Pelech 0 0 0 -1 2 0 2 0 0 1 0/0 22:15 4:31 0:57
Andreas Athanasiou 0 1 1 -1 0 4 1 0 0 0 9/12 18:21 2:59 0:00
Ben Betker 0 0 0 0 0 0 0 0 0 0 0/0 6:31 0:21 0:00
Carter Ashton 1 0 1 1 0 3 2 0 1 0 0/0 9:30 0:22 1:10
Colton Gillies 0 0 0 -1 0 0 2 0 0 1 8/21 18:47 2:33 2:27
David Laliberté 0 1 1 1 0 4 0 0 1 0 0/0 17:59 2:01 1:10
Dylan DeMelo 0 0 0 -1 2 1 0 0 0 1 0/0 12:57 0:00 0:00
Freddie Hamilton 0 0 0 0 0 0 0 0 0 1 2/3 7:16 0:00 0:00
Garret Ross 0 0 0 0 0 1 3 0 0 0 0/0 13:07 0:31 0:25
Jordan Schmaltz 0 0 0 0 0 0 0 3 0 0 0/0 18:49 1:43 1:19
Madison Bowey 0 0 0 1 0 0 2 0 0 0 0/0 19:31 1:43 2:39
Mattias Tedenby 1 0 1 -2 2 4 3 0 2 0 1/2 17:26 3:48 0:00
Miikka Salomaki 0 0 0 0 0 4 0 0 2 0 1/2 13:43 1:02 0:27
Nikita Gusev 0 0 0 0 0 1 0 0 0 0 0/0 7:16 0:00 0:00
Patrick Wiercioch 0 0 0 -1 0 0 0 0 0 0 0/0 13:49 0:21 0:23
Radek Faksa 0 0 0 0 0 3 1 1 1 0 6/8 12:50 0:42 0:04
Robbie Earl 0 1 1 -1 0 2 2 2 1 0 2/4 20:59 3:49 2:15
Stefan Elliott 0 1 1 0 0 5 1 1 2 0 0/0 26:52 4:31 2:40
Tyler Bertuzzi 0 0 0 0 0 1 0 0 0 0 0/0 17:10 1:57 0:00
Players Stats for Monarchs
Player Name G A P +/- PIM S H SB GA TA FO MP PP MP PK MP
------------------------------------------------------------------------------------
Brock Nelson 0 0 0 0 0 2 1 0 0 0 0/0 14:00 1:36 1:28
Craig Smith 0 0 0 -1 0 1 1 1 0 0 2/2 14:48 2:12 1:13
Daultan Leveillé 1 1 2 -1 2 1 0 0 1 1 8/19 18:15 1:36 2:45
Eric Fehr 1 0 1 1 0 3 1 1 0 1 0/0 17:06 0:10 1:33
Frederik Gauthier 0 0 0 0 0 0 1 1 0 1 0/4 16:38 0:13 3:19
Joe Morrow 0 0 0 1 0 0 1 0 1 1 0/0 12:41 0:01 0:35
Jonathan Drouin 0 0 0 1 0 0 2 0 0 0 0/0 13:39 1:36 0:00
Josh Manson 0 0 0 0 2 0 0 0 0 1 0/0 12:47 0:01 2:48
Matt Puempel 0 0 0 0 4 0 2 0 1 1 0/1 11:04 0:00 0:00
Max Domi 0 1 1 -1 0 0 2 0 0 0 0/0 17:58 2:20 0:00
Mike Reilly 0 0 0 0 0 0 0 0 0 0 0/0 11:50 2:23 0:00
Nathan Paetsch 0 1 1 0 0 2 2 5 0 3 0/0 22:54 1:35 3:12
Nick Bjugstad 1 0 1 1 0 3 3 0 1 0 11/22 23:30 2:12 2:52
Robert Hagg 0 0 0 0 0 0 1 4 0 0 0/0 24:18 0:01 3:47
Ryan White 0 0 0 0 0 0 0 0 0 0 2/3 1:21 0:00 0:00
Tom Wilson 0 0 0 1 2 1 1 2 0 0 0/1 15:42 1:36 0:00
Valentin Zykov 0 0 0 0 0 2 0 0 0 1 0/0 10:44 0:00 0:00
Will Butcher 0 0 0 1 0 0 1 0 0 0 0/0 19:04 2:23 0:00
Zac Leslie 0 0 0 1 0 1 0 0 0 0 0/0 14:11 0:00 2:48
3 Stars
1 - Nick Bjugstad (MAN)
2 - Eric Fehr (MAN)
3 - Ilya Bryzgalov (MAN)
Power Play
Punishers - 1 on 5 Attempt(s) - 20.00%
Monarchs - 1 on 3 Attempt(s) - 33.33%
Penalty Kill
Punishers - 2 on 3 Attempt(s) - 66.67%
- Score 1 goal in Penalty Kill
Monarchs - 4 on 5 Attempt(s) - 80.00%
- Score 0 goal in Penalty Kill
Team Stat
Punishers - Hits : 19 - Faceoff Wins : 29 - Blocked Shots : 7 - Penalty Minutes : 6
Monarchs - Hits : 19 - Faceoff Wins : 23 - Blocked Shots : 14 - Penalty Minutes : 10
Official
Referees : Unknown
Linesman : Unknown
Game Notes
Ryan White is injured at 4:50 of 1st period (Sprained Right Ankle)
12:31 of 3rd period - Punishers goal is going for a video replay. After video review, Goal.
Finance
Level 1 -- Attendance: 1550 (77.50%) -- Ticket Income $62,000
Level 2 -- Attendance: 693 (69.30%) -- Ticket Income $13,860
Total Attendance: 2243 (74.77%)
Total Ticket Income: $75,860
Other Income: $3,793
Total Income: $79,653
Punishers
5 vs 5 Forward
Center Left Wing Right Wing Time % Phy DF OF
1 Colton Gillies Robbie Earl Mattias Tedenby 40 0 2 3
2 Andreas Athanasiou Tyler Bertuzzi David Laliberté 30 0 2 3
3 Radek Faksa Garret Ross Miikka Salomaki 20 1 2 2
4 Freddie Hamilton Nikita Gusev Carter Ashton 10 1 2 2
5 vs 5 Defense
Defense Defense Time % Phy DF OF
1 Stefan Elliott Adam Pelech 40 1 2 2
2 Jordan Schmaltz Madison Bowey 30 1 2 2
3 Patrick Wiercioch Dylan DeMelo 20 1 2 2
4 Stefan Elliott Ben Betker 10 1 2 2
PowerPlay Forward
Center Left Wing Right Wing Time % Phy DF OF
1 Andreas Athanasiou Robbie Earl Mattias Tedenby 60 0 2 3
2 Colton Gillies Tyler Bertuzzi David Laliberté 40 0 2 3
PowerPlay Defense
Defense Defense Time % Phy DF OF
1 Stefan Elliott Adam Pelech 60 0 2 3
2 Jordan Schmaltz Madison Bowey 40 0 2 3
Penalty Kill 4 Players Forward
Center Wing Time % Phy DF OF
1 Colton Gillies Robbie Earl 60 0 3 2
2 David Laliberté Carter Ashton 40 0 3 2
Penalty Kill 4 Players Defense
Defense Defense Time % Phy DF OF
1 Stefan Elliott Madison Bowey 60 0 3 2
2 Jordan Schmaltz Adam Pelech 40 0 3 2
Penalty Kill - 3 Players Forward
Forward Time % Phy DF OF
1 Colton Gillies 60 0 4 1
2 Robbie Earl 40 0 4 1
Penalty Kill - 3 Players Defense
Defense Defense Time % Phy DF OF
1 Stefan Elliott Madison Bowey 60 0 5 0
2 Jordan Schmaltz Adam Pelech 40 0 5 0
4 vs 4 Forward
Center Wing Time % Phy DF OF
1 Andreas Athanasiou Mattias Tedenby 60 0 2 3
2 Colton Gillies Robbie Earl 40 0 2 3
4 vs 4 Defense
Defense Defense Time % Phy DF OF
1 Stefan Elliott Adam Pelech 60 1 2 2
2 Jordan Schmaltz Madison Bowey 40 1 2 2
Last Minutes Offensive
Center Left Wing Right Wing Defense Defense
Andreas Athanasiou Robbie Earl Mattias Tedenby Stefan Elliott Adam Pelech
Last Minutes Defensive
Center Left Wing Right Wing Defense Defense
Colton Gillies Robbie Earl Carter Ashton Stefan Elliott Adam Pelech
Goaltenders
Starting : Kristers Gudlevskis
Backup : Louis Domingue
Extra Forwards
Normal : Tyler Bertuzzi, Andreas Athanasiou, Robbie Earl - PP : Tyler Bertuzzi, Miikka Salomaki - PK : Miikka Salomaki
Extra Defensemen
Normal : Madison Bowey, Stefan Elliott, Jordan Schmaltz - PP : Patrick Wiercioch - PK : Patrick Wiercioch, Jordan Schmaltz
Penalty Shots
Mattias Tedenby, Robbie Earl, David Laliberté, Colton Gillies, Miikka Salomaki
Scratches
Michael Joly (Healthy), Dan Bertram (Healthy), John Macfarland (Healthy), Trevor Van Riemsdyk (Left Hand Injury), Zack Hamill (Strained Right Elbow Injury)
Daniel Altshuller (Healthy)
Monarchs
5 vs 5 Forward
Center Left Wing Right Wing Time % Phy DF OF
1 Nick Bjugstad Brock Nelson Craig Smith 30 1 2 2
2 Daultan Leveillé Max Domi Eric Fehr 30 1 2 2
3 Ryan White Jonathan Drouin Tom Wilson 30 2 1 2
4 Frederik Gauthier Valentin Zykov Matt Puempel 10 0 3 2
5 vs 5 Defense
Defense Defense Time % Phy DF OF
1 Nathan Paetsch Will Butcher 30 0 3 2
2 Josh Manson Robert Hagg 30 2 3 0
3 Robert Hagg Mike Reilly 25 1 3 1
4 Joe Morrow Zac Leslie 15 1 3 1
PowerPlay Forward
Center Left Wing Right Wing Time % Phy DF OF
1 Nick Bjugstad Max Domi Craig Smith 60 0 1 4
2 Jonathan Drouin Brock Nelson Tom Wilson 40 1 1 3
PowerPlay Defense
Defense Defense Time % Phy DF OF
1 Mike Reilly Will Butcher 60 0 2 3
2 Daultan Leveillé Nathan Paetsch 40 0 2 3
Penalty Kill 4 Players Forward
Center Wing Time % Phy DF OF
1 Daultan Leveillé Frederik Gauthier 60 1 3 1
2 Ryan White Eric Fehr 40 1 3 1
Penalty Kill 4 Players Defense
Defense Defense Time % Phy DF OF
1 Robert Hagg Nathan Paetsch 60 1 4 0
2 Zac Leslie Josh Manson 40 1 4 0
Penalty Kill - 3 Players Forward
Forward Time % Phy DF OF
1 Daultan Leveillé 60 1 4 0
2 Eric Fehr 40 1 4 0
Penalty Kill - 3 Players Defense
Defense Defense Time % Phy DF OF
1 Nathan Paetsch Robert Hagg 60 0 5 0
2 Zac Leslie Josh Manson 40 0 5 0
4 vs 4 Forward
Center Wing Time % Phy DF OF
1 Nick Bjugstad Eric Fehr 60 1 2 2
2 Daultan Leveillé Max Domi 40 1 2 2
4 vs 4 Defense
Defense Defense Time % Phy DF OF
1 Nathan Paetsch Will Butcher 60 1 2 2
2 Robert Hagg Josh Manson 40 1 2 2
Last Minutes Offensive
Center Left Wing Right Wing Defense Defense
Nick Bjugstad Max Domi Craig Smith Will Butcher Mike Reilly
Last Minutes Defensive
Center Left Wing Right Wing Defense Defense
Frederik Gauthier Daultan Leveillé Eric Fehr Robert Hagg Nathan Paetsch
Goaltenders
Starting : Ilya Bryzgalov
Backup : Malcolm Subban
Extra Forwards
Normal : Nick Bjugstad, Max Domi, Tom Wilson - PP : Frederik Gauthier, Daultan Leveillé - PK : Nick Bjugstad
Extra Defensemen
Normal : Will Butcher, Josh Manson, Robert Hagg - PP : Mike Reilly - PK : Josh Manson, Will Butcher
Penalty Shots
Nick Bjugstad, Matt Puempel, Eric Fehr, Brock Nelson, Ryan White
Scratches
Joel Armia (Back Spasms Injury), Colin Smith (Healthy), Mike Hoffman (Torn Left Knee Ligaments Injury), Connor Clifton (Healthy), Anthony Peluso (Healthy)
Zach Redmond (Healthy), Antti Raanta (Healthy), Tyler Beskorowany (Healthy)
% Time on Ice - Punishers
Lines # - Real PCT - Wanted PCT - Time Play
Normal Forward
1 - 29% - 40% - 13:42
2 - 33% - 30% - 16:04
3 - 23% - 20% - 10:58
4 - 15% - 10% - 7:16
Normal Defense
1 - 33% - 40% - 15:42
2 - 30% - 30% - 14:31
3 - 27% - 20% - 12:52
4 - 10% - 10% - 4:55
PP Forward
1 - 59% - 60% - 3:54
2 - 41% - 40% - 2:41
PP Defense
1 - 74% - 60% - 4:52
2 - 26% - 40% - 1:43
PK Forward
1 - 71% - 60% - 2:49
2 - 29% - 40% - 1:10
PK Defense
1 - 67% - 60% - 2:40
2 - 33% - 40% - 1:19
PK3 Forward
1 - 0% - 60%
2 - 0% - 40%
PK3 Defense
1 - 0% - 60%
2 - 0% - 40%
44 Forward
1 - 100% - 60% - 1:35
2 - 0% - 40% - 0:00
44 Defense
1 - 73% - 60% - 1:09
2 - 27% - 40% - 0:26
Last Minute Offensive - 0:00
Last Minute Defensive - 0:00
Total
Forward - 60:09
Defense - 60:09
|
% Time on Ice - Monarchs
Lines # - Real PCT - Wanted PCT - Time Play
Normal Forward
1 - 20% - 30% - 9:49
2 - 32% - 30% - 15:21
3 - 26% - 30% - 12:18
4 - 22% - 10% - 10:32
Normal Defense
1 - 34% - 30% - 16:13
2 - 23% - 30% - 10:57
3 - 20% - 25% - 9:27
4 - 24% - 15% - 11:23
PP Forward
1 - 59% - 60% - 2:22
2 - 41% - 40% - 1:37
PP Defense
1 - 60% - 60% - 2:23
2 - 40% - 40% - 1:36
PK Forward
1 - 76% - 60% - 5:02
2 - 24% - 40% - 1:33
PK Defense
1 - 57% - 60% - 3:47
2 - 43% - 40% - 2:48
PK3 Forward
1 - 0% - 60%
2 - 0% - 40%
PK3 Defense
1 - 0% - 60%
2 - 0% - 40%
44 Forward
1 - 87% - 60% - 1:23
2 - 13% - 40% - 0:12
44 Defense
1 - 69% - 60% - 1:06
2 - 31% - 40% - 0:29
Last Minute Offensive - 0:00
Last Minute Defensive - 0:00
Total
Forward - 60:09
Defense - 60:09
|
Play-by-Play
1st period
0:01 of 1st period - Nick Bjugstad wins face-off versus Colton Gillies in neutral zone.
0:08 of 1st period - Nathan Paetsch is hit by Robbie Earl.
0:16 of 1st period - Snap shot by Mattias Tedenby.
0:16 of 1st period - Shot Misses the Net.
0:31 of 1st period - Icing by Will Butcher.
0:32 of 1st period - Andreas Athanasiou wins face-off versus Daultan Leveillé in Monarchs zone.
1:24 of 1st period - Slapshot by David Laliberté.
1:24 of 1st period - Stopped by Ilya Bryzgalov without a rebound.
1:25 of 1st period - Ryan White wins face-off versus Radek Faksa in Monarchs zone.
1:25 of 1st period - Ryan White is hit by Radek Faksa.
1:36 of 1st period - Icing by Patrick Wiercioch.
1:37 of 1st period - Nick Bjugstad wins face-off versus Radek Faksa in Punishers zone.
1:44 of 1st period - Slapshot by Brock Nelson.
1:44 of 1st period - Deflect By Nick Bjugstad.
1:44 of 1st period - Shot Misses the Net.
1:44 of 1st period - Puck is out of play.
1:45 of 1st period - Nick Bjugstad wins face-off versus Colton Gillies in Punishers zone.
2:45 of 1st period - Slapshot by Andreas Athanasiou.
2:45 of 1st period - Stopped by Ilya Bryzgalov with a rebound.
3:45 of 1st period - Off-side.
3:46 of 1st period - Radek Faksa wins face-off versus Ryan White in neutral zone.
4:00 of 1st period - Snap shot by Ryan White.
4:00 of 1st period - Deflect By Tom Wilson.
4:00 of 1st period - Stopped by Kristers Gudlevskis without a rebound.
4:01 of 1st period - Daultan Leveillé wins face-off versus Colton Gillies in Punishers zone.
4:06 of 1st period - Snap shot by Max Domi.
4:06 of 1st period - Shot Misses the Net.
4:16 of 1st period - Slapshot by Robbie Earl.
4:16 of 1st period - Stopped by Ilya Bryzgalov with a rebound.
4:33 of 1st period - Off-side.
4:34 of 1st period - Ryan White wins face-off versus Colton Gillies in neutral zone.
4:49 of 1st period - Ryan White is hit by Colton Gillies and loses puck.
4:50 of 1st period - Ryan White from Monarchs is injured at 4:50 of 1st period (Sprained Right Ankle).
4:51 of 1st period - Daultan Leveillé wins face-off versus Colton Gillies in Monarchs zone.
5:03 of 1st period - Off-side.
5:04 of 1st period - Andreas Athanasiou wins face-off versus Frederik Gauthier in neutral zone.
6:01 of 1st period - Slapshot by Mattias Tedenby.
6:01 of 1st period - Stopped by Ilya Bryzgalov with a rebound.
6:03 of 1st period - Wrist shot by Robbie Earl.
6:03 of 1st period - Deflect By Mattias Tedenby.
6:03 of 1st period - Shot Blocked by Tom Wilson.
6:03 of 1st period - Puck is out of play.
6:04 of 1st period - Colton Gillies wins face-off versus Nick Bjugstad in Monarchs zone.
6:07 of 1st period - Snap shot by Mattias Tedenby.
6:07 of 1st period - Shot Misses the Net.
6:09 of 1st period - Wrist shot by Mattias Tedenby.
6:09 of 1st period - Stopped by Ilya Bryzgalov with a rebound.
6:19 of 1st period - Slapshot by Robbie Earl.
6:19 of 1st period - Shot Misses the Net.
6:21 of 1st period - Slapshot by Madison Bowey.
6:21 of 1st period - Shot Blocked by Tom Wilson.
6:23 of 1st period - Wrist shot by Robbie Earl.
6:23 of 1st period - Shot Blocked by Robert Hagg.
6:51 of 1st period - Wrist shot by Mattias Tedenby.
6:51 of 1st period - Stopped by Ilya Bryzgalov without a rebound.
6:52 of 1st period - Radek Faksa wins face-off versus Daultan Leveillé in Monarchs zone.
7:07 of 1st period - Wrist shot by Daultan Leveillé.
7:07 of 1st period - Shot Misses the Net.
7:19 of 1st period - Backhand shot by Stefan Elliott.
7:19 of 1st period - Stopped by Ilya Bryzgalov with a rebound.
7:21 of 1st period - Slapshot by Carter Ashton.
7:21 of 1st period - Stopped by Ilya Bryzgalov with a rebound.
7:39 of 1st period - David Laliberté is hit by Nick Bjugstad and loses puck.
8:02 of 1st period - Snap shot by Eric Fehr.
8:02 of 1st period - Shot Blocked by Jordan Schmaltz.
8:14 of 1st period - Wrist shot by Eric Fehr.
8:14 of 1st period - Goal by Eric Fehr - Punishers : 0 - Monarchs : 1.
8:15 of 1st period - Daultan Leveillé wins face-off versus Colton Gillies in neutral zone.
8:23 of 1st period - Snap shot by Robbie Earl.
8:23 of 1st period - Stopped by Ilya Bryzgalov without a rebound.
8:24 of 1st period - Daultan Leveillé wins face-off versus Colton Gillies in Monarchs zone.
8:24 of 1st period - Daultan Leveillé is hit by Adam Pelech.
8:46 of 1st period - Wrist shot by Eric Fehr.
8:46 of 1st period - Stopped by Kristers Gudlevskis with a rebound.
9:10 of 1st period - Snap shot by Mattias Tedenby.
9:10 of 1st period - Deflect By Eric Fehr.
9:10 of 1st period - Shot Blocked by Robert Hagg.
9:10 of 1st period - Puck is out of play.
9:11 of 1st period - Nick Bjugstad wins face-off versus Andreas Athanasiou in Monarchs zone.
9:36 of 1st period - Madison Bowey is hit by Tom Wilson and loses puck.
9:57 of 1st period - Wrist shot by Valentin Zykov.
9:57 of 1st period - Stopped by Kristers Gudlevskis with a rebound.
10:40 of 1st period - Robbie Earl is hit by Craig Smith and loses puck.
12:29 of 1st period - Slapshot by Nikita Gusev.
12:29 of 1st period - Deflect By Nathan Paetsch.
12:29 of 1st period - Shot Misses the Net.
12:29 of 1st period - Puck is out of play.
12:30 of 1st period - Nick Bjugstad wins face-off versus Colton Gillies in Monarchs zone.
12:37 of 1st period - Backhand shot by Jonathan Drouin.
12:37 of 1st period - Shot Blocked by Robbie Earl.
12:39 of 1st period - Slapshot by Nathan Paetsch.
12:39 of 1st period - Stopped by Kristers Gudlevskis without a rebound.
12:40 of 1st period - Colton Gillies wins face-off versus Nick Bjugstad in Punishers zone.
12:42 of 1st period - Minor Penalty to Dylan DeMelo for Holding.
12:43 of 1st period - Nick Bjugstad wins face-off versus Colton Gillies in Punishers zone.
14:38 of 1st period - Max Domi is hit by Madison Bowey and loses puck.
14:42 of 1st period - Penalty to Dylan DeMelo is over, Dylan DeMelo is back on ice.
15:50 of 1st period - Snap shot by Stefan Elliott.
15:50 of 1st period - Deflect By Radek Faksa.
15:50 of 1st period - Shot Blocked by Eric Fehr.
15:50 of 1st period - Puck is out of play.
15:51 of 1st period - Radek Faksa wins face-off versus Matt Puempel in Monarchs zone.
15:55 of 1st period - Minor Penalty to Matt Puempel for Hooking.
15:56 of 1st period - Andreas Athanasiou wins face-off versus Daultan Leveillé in Monarchs zone.
16:00 of 1st period - Snap shot by Mattias Tedenby.
16:00 of 1st period - Goal by Mattias Tedenby - Punishers : 1 - Monarchs : 1.
16:01 of 1st period - Nick Bjugstad wins face-off versus Colton Gillies in neutral zone.
17:13 of 1st period - Slapshot by Jordan Schmaltz.
17:13 of 1st period - Shot Blocked by Robert Hagg.
17:15 of 1st period - Slapshot by Jordan Schmaltz.
17:15 of 1st period - Deflect By Carter Ashton.
17:15 of 1st period - Shot Misses the Net.
17:15 of 1st period - Puck is out of play.
17:16 of 1st period - Freddie Hamilton wins face-off versus Daultan Leveillé in Monarchs zone.
18:11 of 1st period - Snap shot by David Laliberté.
18:11 of 1st period - Stopped by Ilya Bryzgalov without a rebound.
18:12 of 1st period - Radek Faksa wins face-off versus Nick Bjugstad in Monarchs zone.
18:15 of 1st period - Snap shot by Miikka Salomaki.
18:15 of 1st period - Stopped by Ilya Bryzgalov without a rebound.
18:16 of 1st period - Radek Faksa wins face-off versus Tom Wilson in Monarchs zone.
18:19 of 1st period - Backhand shot by Garret Ross.
18:19 of 1st period - Stopped by Ilya Bryzgalov with a rebound.
18:25 of 1st period - Wrist shot by Radek Faksa.
18:25 of 1st period - Stopped by Ilya Bryzgalov without a rebound.
18:26 of 1st period - Colton Gillies wins face-off versus Nick Bjugstad in Monarchs zone.
19:06 of 1st period - Stefan Elliott is hit by Nathan Paetsch and loses puck.
19:17 of 1st period - Stefan Elliott is hit by Jonathan Drouin.
19:40 of 1st period - Snap shot by Valentin Zykov.
19:40 of 1st period - Shot Misses the Net.
19:42 of 1st period - Snap shot by Valentin Zykov.
19:42 of 1st period - Stopped by Kristers Gudlevskis with a rebound.
19:44 of 1st period - Snap shot by Matt Puempel.
19:44 of 1st period - Shot Blocked by Jordan Schmaltz.
Goals for this period are 1 for Punishers vs 1 for Monarchs .
Shots for this period are 14 for Punishers vs 6 for Monarchs .
2nd period
0:01 of 2nd period - Colton Gillies wins face-off versus Daultan Leveillé in neutral zone.
0:10 of 2nd period - Wrist shot by Eric Fehr.
0:10 of 2nd period - Shot Misses the Net.
0:15 of 2nd period - Minor Penalty to Daultan Leveillé for Goalie Interference.
0:16 of 2nd period - Andreas Athanasiou wins face-off versus Nick Bjugstad in Monarchs zone.
1:36 of 2nd period - Icing by Stefan Elliott.
1:37 of 2nd period - Craig Smith wins face-off versus Andreas Athanasiou in Punishers zone.
2:00 of 2nd period - Icing by Stefan Elliott.
2:01 of 2nd period - Craig Smith wins face-off versus Robbie Earl in Punishers zone.
2:15 of 2nd period - Penalty to Daultan Leveillé is over, Daultan Leveillé is back on ice.
2:22 of 2nd period - Wrist shot by Brock Nelson.
2:22 of 2nd period - Stopped by Kristers Gudlevskis with a rebound.
2:26 of 2nd period - Snap shot by Nick Bjugstad.
2:26 of 2nd period - Stopped by Kristers Gudlevskis with a rebound.
2:28 of 2nd period - Wrist shot by Nathan Paetsch.
2:28 of 2nd period - Stopped by Kristers Gudlevskis with a rebound.
2:48 of 2nd period - Backhand shot by Eric Fehr.
2:48 of 2nd period - Stopped by Kristers Gudlevskis with a rebound.
3:03 of 2nd period - Zac Leslie is hit by Garret Ross and loses puck.
3:56 of 2nd period - Jonathan Drouin is hit by Mattias Tedenby and loses puck.
4:13 of 2nd period - Snap shot by Max Domi.
4:13 of 2nd period - Shot Misses the Net.
6:30 of 2nd period - Icing by Eric Fehr.
6:31 of 2nd period - Nick Bjugstad wins face-off versus Robbie Earl in Monarchs zone.
6:48 of 2nd period - Snap shot by Valentin Zykov.
6:48 of 2nd period - Shot Blocked by Radek Faksa.
7:27 of 2nd period - Wrist shot by Tom Wilson.
7:27 of 2nd period - Shot Misses the Net.
7:29 of 2nd period - Wrist shot by Zac Leslie.
7:29 of 2nd period - Stopped by Kristers Gudlevskis with a rebound.
8:16 of 2nd period - Wrist shot by David Laliberté.
8:16 of 2nd period - Deflect By Andreas Athanasiou.
8:16 of 2nd period - Stopped by Ilya Bryzgalov without a rebound.
8:17 of 2nd period - Andreas Athanasiou wins face-off versus Daultan Leveillé in Monarchs zone.
8:20 of 2nd period - Snap shot by Andreas Athanasiou.
8:20 of 2nd period - Deflect By Nathan Paetsch.
8:20 of 2nd period - Stopped by Ilya Bryzgalov with a rebound.
9:02 of 2nd period - Snap shot by David Laliberté.
9:02 of 2nd period - Shot Blocked by Frederik Gauthier.
9:45 of 2nd period - Minor Penalty to Matt Puempel for Holding.
9:46 of 2nd period - Miikka Salomaki wins face-off versus Daultan Leveillé in Monarchs zone.
11:45 of 2nd period - Penalty to Matt Puempel is over, Matt Puempel is back on ice.
11:57 of 2nd period - Slapshot by Craig Smith.
11:57 of 2nd period - Stopped by Kristers Gudlevskis without a rebound.
11:58 of 2nd period - Freddie Hamilton wins face-off versus Nick Bjugstad in Punishers zone.
12:11 of 2nd period - Carter Ashton is hit by Nick Bjugstad and loses puck.
12:55 of 2nd period - Eric Fehr is hit by Andreas Athanasiou.
13:15 of 2nd period - Slapshot by David Laliberté.
13:15 of 2nd period - Shot Misses the Net.
13:31 of 2nd period - Wrist shot by Nick Bjugstad.
13:31 of 2nd period - Stopped by Kristers Gudlevskis with a rebound.
13:33 of 2nd period - Snap shot by Brock Nelson.
13:33 of 2nd period - Shot Misses the Net.
14:10 of 2nd period - Mattias Tedenby is hit by Jonathan Drouin and loses puck.
14:23 of 2nd period - Wrist shot by Valentin Zykov.
14:23 of 2nd period - Shot Misses the Net.
14:25 of 2nd period - Snap shot by Zac Leslie.
14:25 of 2nd period - Shot Misses the Net.
14:27 of 2nd period - Wrist shot by Frederik Gauthier.
14:27 of 2nd period - Deflect By Mattias Tedenby.
14:27 of 2nd period - Shot Misses the Net.
14:27 of 2nd period - Puck is out of play.
14:28 of 2nd period - Radek Faksa wins face-off versus Frederik Gauthier in Punishers zone.
15:07 of 2nd period - Adam Pelech is hit by Matt Puempel and loses puck.
15:14 of 2nd period - Snap shot by Miikka Salomaki.
15:14 of 2nd period - Stopped by Ilya Bryzgalov with a rebound.
15:16 of 2nd period - Slapshot by Stefan Elliott.
15:16 of 2nd period - Stopped by Ilya Bryzgalov with a rebound.
15:18 of 2nd period - Slapshot by Stefan Elliott.
15:18 of 2nd period - Stopped by Ilya Bryzgalov with a rebound.
15:28 of 2nd period - Snap shot by Miikka Salomaki.
15:28 of 2nd period - Stopped by Ilya Bryzgalov without a rebound.
15:29 of 2nd period - Robbie Earl wins face-off versus Nick Bjugstad in Monarchs zone.
15:30 of 2nd period - Snap shot by Mattias Tedenby.
15:30 of 2nd period - Shot Misses the Net.
16:22 of 2nd period - Snap shot by Tyler Bertuzzi.
16:22 of 2nd period - Stopped by Ilya Bryzgalov without a rebound.
16:23 of 2nd period - Colton Gillies wins face-off versus Daultan Leveillé in Monarchs zone.
16:34 of 2nd period - Wrist shot by Mattias Tedenby.
16:34 of 2nd period - Shot Misses the Net.
17:02 of 2nd period - Brock Nelson is hit by Adam Pelech and loses puck.
17:15 of 2nd period - Snap shot by Garret Ross.
17:15 of 2nd period - Deflect By Miikka Salomaki.
17:15 of 2nd period - Shot Misses the Net.
17:15 of 2nd period - Puck is out of play.
17:16 of 2nd period - Nick Bjugstad wins face-off versus Miikka Salomaki in Monarchs zone.
17:33 of 2nd period - Snap shot by Garret Ross.
17:33 of 2nd period - Deflect By Radek Faksa.
17:33 of 2nd period - Stopped by Ilya Bryzgalov with a rebound.
17:35 of 2nd period - Snap shot by Miikka Salomaki.
17:35 of 2nd period - Shot Blocked by Nathan Paetsch.
17:37 of 2nd period - Wrist shot by Madison Bowey.
17:37 of 2nd period - Shot Misses the Net.
17:49 of 2nd period - Snap shot by Garret Ross.
17:49 of 2nd period - Shot Blocked by Nathan Paetsch.
17:51 of 2nd period - Snap shot by Miikka Salomaki.
17:51 of 2nd period - Stopped by Ilya Bryzgalov without a rebound.
17:52 of 2nd period - Robbie Earl wins face-off versus Daultan Leveillé in Monarchs zone.
18:07 of 2nd period - Slapshot by Robbie Earl.
18:07 of 2nd period - Shot Misses the Net.
18:44 of 2nd period - Josh Manson is hit by Carter Ashton and loses puck.
18:51 of 2nd period - Snap shot by Nikita Gusev.
18:51 of 2nd period - Stopped by Ilya Bryzgalov with a rebound.
19:17 of 2nd period - Garret Ross is hit by Will Butcher and loses puck.
19:36 of 2nd period - David Laliberté is hit by Frederik Gauthier and loses puck.
19:51 of 2nd period - Patrick Wiercioch is hit by Max Domi and loses puck.
Goals for this period are 0 for Punishers vs 0 for Monarchs .
Shots for this period are 10 for Punishers vs 7 for Monarchs .
3rd period
0:01 of 3rd period - Colton Gillies wins face-off versus Nick Bjugstad in neutral zone.
0:06 of 3rd period - Robert Hagg is hit by Mattias Tedenby and loses puck.
0:25 of 3rd period - Andreas Athanasiou is hit by Eric Fehr and loses puck.
1:18 of 3rd period - Minor Penalty to Josh Manson for Hooking.
1:19 of 3rd period - Mattias Tedenby wins face-off versus Daultan Leveillé in Monarchs zone.
1:22 of 3rd period - Wrist shot by Robbie Earl.
1:22 of 3rd period - Shot Misses the Net.
1:24 of 3rd period - Snap shot by Andreas Athanasiou.
1:24 of 3rd period - Deflect By Robbie Earl.
1:24 of 3rd period - Shot Misses the Net.
1:24 of 3rd period - Puck is out of play.
1:25 of 3rd period - Andreas Athanasiou wins face-off versus Daultan Leveillé in Monarchs zone.
1:51 of 3rd period - Minor Penalty to Mattias Tedenby for Tripping.
1:52 of 3rd period - Andreas Athanasiou wins face-off versus Nick Bjugstad in Punishers zone.
2:32 of 3rd period - Backhand shot by Will Butcher.
2:32 of 3rd period - Shot Blocked by Jordan Schmaltz.
2:38 of 3rd period - Nathan Paetsch is hit by Garret Ross and loses puck.
3:13 of 3rd period - Radek Faksa is hit by Max Domi and loses puck.
3:18 of 3rd period - Penalty to Josh Manson is over, Josh Manson is back on ice.
3:18 of 3rd period - Wrist shot by Daultan Leveillé.
3:18 of 3rd period - Goal by Daultan Leveillé - Punishers : 1 - Monarchs : 2.
3:19 of 3rd period - Nick Bjugstad wins face-off versus Colton Gillies in neutral zone.
3:23 of 3rd period - Minor Penalty to Tom Wilson for Holding.
3:24 of 3rd period - Andreas Athanasiou wins face-off versus Frederik Gauthier in Monarchs zone.
3:31 of 3rd period - Slapshot by Mattias Tedenby.
3:31 of 3rd period - Shot Blocked by Robert Hagg.
3:33 of 3rd period - Slapshot by Adam Pelech.
3:33 of 3rd period - Shot Misses the Net.
3:35 of 3rd period - Snap shot by Robbie Earl.
3:35 of 3rd period - Shot Blocked by Nathan Paetsch.
3:39 of 3rd period - Snap shot by Andreas Athanasiou.
3:39 of 3rd period - Shot Blocked by Nathan Paetsch.
4:27 of 3rd period - Zac Leslie is hit by Colton Gillies and loses puck.
5:23 of 3rd period - Penalty to Tom Wilson is over, Tom Wilson is back on ice.
5:29 of 3rd period - Snap shot by Carter Ashton.
5:29 of 3rd period - Stopped by Ilya Bryzgalov with a rebound.
5:31 of 3rd period - Wrist shot by Carter Ashton.
5:31 of 3rd period - Shot Hit the Post.
5:33 of 3rd period - Backhand shot by Stefan Elliott.
5:33 of 3rd period - Stopped by Ilya Bryzgalov with a rebound.
5:53 of 3rd period - Slapshot by Miikka Salomaki.
5:53 of 3rd period - Shot Misses the Net.
6:21 of 3rd period - Snap shot by Craig Smith.
6:21 of 3rd period - Shot Blocked by Robbie Earl.
6:33 of 3rd period - Garret Ross is hit by Joe Morrow and loses puck.
7:05 of 3rd period - Icing by Will Butcher.
7:06 of 3rd period - Daultan Leveillé wins face-off versus Andreas Athanasiou in Monarchs zone.
7:11 of 3rd period - Tyler Bertuzzi is hit by Matt Puempel.
8:05 of 3rd period - Joe Morrow is hit by Stefan Elliott and loses puck.
8:28 of 3rd period - Slapshot by Dylan DeMelo.
8:28 of 3rd period - Stopped by Ilya Bryzgalov with a rebound.
8:34 of 3rd period - Valentin Zykov is hit by Carter Ashton and loses puck.
9:20 of 3rd period - Tom Wilson is hit by Mattias Tedenby and loses puck.
9:31 of 3rd period - Josh Manson is hit by Garret Ross and loses puck.
9:42 of 3rd period - Wrist shot by Will Butcher.
9:42 of 3rd period - Shot Blocked by Stefan Elliott.
10:02 of 3rd period - Will Butcher is hit by Madison Bowey and loses puck.
10:27 of 3rd period - Snap shot by Daultan Leveillé.
10:27 of 3rd period - Deflect By Eric Fehr.
10:27 of 3rd period - Shot Misses the Net.
10:27 of 3rd period - Puck is out of play.
10:28 of 3rd period - Daultan Leveillé wins face-off versus Colton Gillies in Punishers zone.
11:18 of 3rd period - Slapshot by Garret Ross.
11:18 of 3rd period - Shot Misses the Net.
11:20 of 3rd period - Wrist shot by Radek Faksa.
11:20 of 3rd period - Stopped by Ilya Bryzgalov without a rebound.
11:21 of 3rd period - Daultan Leveillé wins face-off versus Colton Gillies in Monarchs zone.
11:21 of 3rd period - Daultan Leveillé is hit by Robbie Earl.
11:37 of 3rd period - Minor Penalty to Adam Pelech for Tripping.
11:38 of 3rd period - Colton Gillies wins face-off versus Nick Bjugstad in Punishers zone.
12:13 of 3rd period - Snap shot by Brock Nelson.
12:13 of 3rd period - Deflect By Madison Bowey.
12:13 of 3rd period - Stopped by Kristers Gudlevskis with a rebound.
12:23 of 3rd period - Wrist shot by David Laliberté.
12:23 of 3rd period - Shot Blocked by Nathan Paetsch.
12:25 of 3rd period - Wrist shot by Stefan Elliott.
12:25 of 3rd period - Shot Blocked by Craig Smith.
12:27 of 3rd period - Wrist shot by David Laliberté.
12:27 of 3rd period - Stopped by Ilya Bryzgalov with a rebound.
12:29 of 3rd period - Snap shot by Stefan Elliott.
12:29 of 3rd period - Stopped by Ilya Bryzgalov with a rebound.
12:31 of 3rd period - Snap shot by Carter Ashton.
12:31 of 3rd period - Punishers goal is going for a video replay.
12:31 of 3rd period - The goal is good.
12:31 of 3rd period - Goal by Carter Ashton - Punishers : 2 - Monarchs : 2.
12:32 of 3rd period - Colton Gillies wins face-off versus Nick Bjugstad in neutral zone.
13:37 of 3rd period - Penalty to Adam Pelech is over, Adam Pelech is back on ice.
15:15 of 3rd period - Tyler Bertuzzi is hit by Robert Hagg and loses puck.
15:26 of 3rd period - Madison Bowey is hit by Brock Nelson and loses puck.
17:31 of 3rd period - Icing by Dylan DeMelo.
17:32 of 3rd period - Daultan Leveillé wins face-off versus Freddie Hamilton in Punishers zone.
17:53 of 3rd period - Patrick Wiercioch is hit by Nick Bjugstad and loses puck.
18:43 of 3rd period - Icing by Robert Hagg.
18:44 of 3rd period - Andreas Athanasiou wins face-off versus Frederik Gauthier in Monarchs zone.
18:56 of 3rd period - Wrist shot by David Laliberté.
18:56 of 3rd period - Stopped by Ilya Bryzgalov with a rebound.
18:58 of 3rd period - Wrist shot by Tyler Bertuzzi.
18:58 of 3rd period - Shot Misses the Net.
19:00 of 3rd period - Wrist shot by Andreas Athanasiou.
19:00 of 3rd period - Stopped by Ilya Bryzgalov with a rebound.
19:45 of 3rd period - Wrist shot by Miikka Salomaki.
19:45 of 3rd period - Shot Misses the Net.
19:47 of 3rd period - Snap shot by Miikka Salomaki.
19:47 of 3rd period - Shot Misses the Net.
Goals for this period are 1 for Punishers vs 1 for Monarchs .
Shots for this period are 9 for Punishers vs 2 for Monarchs .
Overtime #1
0:01 of 1st overtime period - Nick Bjugstad wins face-off versus Mattias Tedenby in neutral zone.
0:04 of 1st overtime period - Andreas Athanasiou is hit by Nathan Paetsch and loses puck.
0:09 of 1st overtime period - Snap shot by Nick Bjugstad.
0:09 of 1st overtime period - Goal by Nick Bjugstad - Punishers : 2 - Monarchs : 3.
Goals for this period are 0 for Punishers vs 1 for Monarchs .
Shots for this period are 0 for Punishers vs 1 for Monarchs .
Back to the Top